 Dungeon Crawl Stone Soup version 0.28-a0-687-gb91baff9cc (webtiles) character file.

Game seed: 6137836123521317434

366 Irenicus the Geomancer (level 6, 0/49 HPs)
             Began as a Deep Dwarf Earth Elementalist on Oct 19, 2021.
             Was an Initiate of Makhleb.
             Slain by a two-headed ogre (7 damage)
             ... on level 5 of the Dungeon.
             The game lasted 00:12:15 (1846 turns).

Irenicus the Geomancer (DDEE)                       Turns: 1846, Time: 00:12:16

Health: 0/49       AC:  5    Str:  9 (12) XL:     6   Next: 40%
Magic:  0/9        EV: 11    Int: 18 (19) God:    Makhleb [......]
Gold:   198        SH:  0    Dex: 12 (13) Spells: 3/9 levels left

rFire   . . .      SeeInvis .   f - +0 dagger
rCold   . . .      Faith    .   (no shield)
rNeg    . . .      Spirit   .   e - +0 leather armour
rPois   .          Reflect  .   o - +0 helmet
rElec   .          Harm     .   (no cloak)
rCorr   .          Rampage  .   (no gloves)
Will    +....                   c - +0 pair of boots
Stlth   ++........              (no amulet)
HPRegen 0.00/turn               W - ring of willpower
MPRegen 0.11/turn               (no ring)

@: no status effects
A: damage resistance, heal wounds, sense surroundings 2, no regeneration, clever
1
a: Heal Wounds, Renounce Religion


You were on level 5 of the Dungeon.
You worshipped Makhleb.
Makhleb was noncommittal.
You visited 2 branches of the dungeon, and saw 6 of its levels.

You collected 198 gold pieces.


Innate Abilities, Weirdness & Mutations

You are resistant to damage.
You can heal yourself by infusing magical energy.
You passively map the area around you.
You do not regenerate.
Your mind is acute. (Int +2)


   Skills:
 - Level 2.1 Dodging
 - Level 2.4 Stealth
 - Level 2.0 Spellcasting
 - Level 2.0 Conjurations
 - Level 0.8 Transmutations
 + Level 8.9 Earth Magic


You had 3 spell levels left.
You knew the following spells:

 Your Spells              Type           Power      Damage    Failure   Level
t - Stone Arrow           Conj/Erth      42%        3d9       9%          3
w - Passwall              Tmut/Erth      15%        N/A       5%          2
z - Sandblast             Erth           66%        2d15      1%          1

Your spell library contained the following spells:

 Spells                   Type           Power      Damage    Failure   Level
 Foxfire                  Conj/Fire      20%        2x1d5     17%         1
 Animate Skeleton         Necr           2%         N/A       26%         1
 Apportation              Tloc           2%         N/A       26%         1
 Summon Small Mammal      Summ           4%         N/A       26%         1
 Conjure Flame            Conj/Fire      5%         6-21      45%         3
 Inner Flame              Hex/Fire       1%         N/A       58%         3
 Petrify                  Tmut/Erth      19%        N/A       34%         4
 Flame Wave               Conj/Fire      5%         3d4       86%         4

Inventory:

Hand Weapons
 f - a +0 dagger (weapon)
Missiles
 j - a throwing net {=f}
 n - 112 stones
Armour
 c - a +0 pair of boots (worn)
 e - a +0 leather armour (worn)
 o - a +0 helmet (worn)
Jewellery
 W - a ring of willpower (left hand)
Scrolls
 a - a scroll of identify {@r1}
Potions
 g - 3 potions of magic
 i - 2 potions of mutation
 k - a potion of curing {@q1}

Dungeon Overview and Level Annotations

Branches:
Dungeon (5/15)             Temple (1/1) D:5

Altars:
Cheibriados
Fedhas
Gozag
Hepliaklqana
Makhleb
Okawaru
Qazlal
Trog
Xom
Yredelemnul
Zin
The Shining One

Annotations:
D:5 1 runed translucent door, Duvessa; bmj180's ghost, novice DrCj

, ** * *..#. ,
, , # .#.##*,
* *,, #. ...#
# **
*.###.#..##.#
*...........#
* ** * *#o# *
#S# ,* ,
######O# , ,
#.....@# , ,,
#.####.# , *#.
###)# *,, *#.
#.).# , ,
#.##)#.# *
*######......#
,..........###
, $.........#
# ##........#
*


You could see a two-headed ogre, an adder and an orc.


Message History

The blast of sand hits the two-headed ogre!!
The two-headed ogre is moderately wounded.
The adder hisses angrily.
Casting: Sandblast (safe; 1% risk of failure)
Confirm with . or Enter, or press ? or * to list all spells.
Aiming: Sandblast (safe; 1% risk of failure)
Press: ? - help, Shift-Dir - straight line, f/p - two-headed ogre
Aim: a two-headed ogre, wielding two +0 giant spiked clubs (moderately wounded, 91% to hit)
The blast of sand hits the two-headed ogre!
The two-headed ogre is heavily wounded.
An orc comes into view. It is wielding a +0 dagger.
Casting: Sandblast (safe; 1% risk of failure)
Confirm with . or Enter, or press ? or * to list all spells.
Aiming: Sandblast (safe; 1% risk of failure)
Press: ? - help, Shift-Dir - straight line, f/p - two-headed ogre
Aim: a two-headed ogre, wielding two +0 giant spiked clubs (heavily wounded, 91% to hit)
The blast of sand hits the two-headed ogre!
The two-headed ogre is severely wounded.
The two-headed ogre hits you but does no damage.
The two-headed ogre hits you with a +0 giant spiked club!
* * * LOW HITPOINT WARNING * * *
Casting: Sandblast (safe; 1% risk of failure)
Confirm with . or Enter, or press ? or * to list all spells.
Aiming: Sandblast (safe; 1% risk of failure)
Press: ? - help, Shift-Dir - straight line, f/p - two-headed ogre
Aim: a two-headed ogre, wielding two +0 giant spiked clubs (severely wounded, 91% to hit)
The blast of sand hits the two-headed ogre!
The two-headed ogre is almost dead.
The two-headed ogre hits you with a +0 giant spiked club!
You die...

Skill      XL: |  1  2  3  4  5 |
---------------+----------------+-----
Earth Magic    | 5 6 7 8 |  8.9
Spellcasting   | 2 |  2.0
Conjurations   | 1 2 |  2.0
Dodging        | |  2.1
Stealth        | |  2.4
Transmutations | |  0.8

Action                   |  1- 3 |  4- 6 || total
-------------------------+-------+-------++-------
Melee: Unarmed           |    29 |       ||    29
       Dagger            |     6 |    76 ||    82
Throw: Throwing net      |       |     1 ||     1
 Cast: Sandblast         |    40 |    37 ||    77
       Passwall          |     3 |     1 ||     4
       Stone Arrow       |       |     8 ||     8
 Abil: Heal Wounds       |       |     1 ||     1
  Use: Scroll            |     1 |     8 ||     9
       Potion            |     1 |     4 ||     5
 Stab: Sleeping          |     1 |     4 ||     5
Armor: Robe              |     6 |       ||     6
       Leather armour    |    11 |    17 ||    28
Dodge: Dodged            |    44 |    46 ||    90

Levels and vault maps discovered:
D:1:      saegor_arrival_simple_a, layout_basic,
          shapermc_ecumenical_altar_mp_urbaneastern, minmay_bisected
D:2:      layout_rooms
D:3:      minmay_evil_eye, layout_loops_corners, nicolae_uskayaw_dance_hall,
          nicolae_qazlal_eye_of_the_storm, gammafunk_temple_overflow_wave
D:4:      layout_rooms, grunt_temple_overflow_holy_war, uniq_crazy_yiuf_cottage
D:5:      layout_loops_cross, minmay_temple_entry_trees, serial_rivers,
          chequers_serial_rivers_small_3, chequers_serial_rivers_micro_b,
          chequers_serial_rivers_micro_c, chequers_serial_rivers_micro_e,
          gammafunk_ghost_grave, uniq_blork_the_orc, uniq_ijyb, uniq_duvessa
Temple:   cyrus_temple_forest

Notes
Turn   | Place    | Note
-------+----------+-------------------------------------------
     0 | D:1      | Irenicus the Deep Dwarf Earth Elementalist began the quest
                  | for the Orb.
     0 | D:1      | Reached XP level 1. HP: 15/15 MP: 3/3
    33 | D:1      | Found a faded altar of an unknown god.
   109 | D:1      | Reached XP level 2. HP: 22/22 MP: 0/4
   156 | D:1      | Reached skill level 5 in Earth Magic
   269 | D:1      | Learned a level 2 spell: Passwall
   557 | D:2      | Reached XP level 3. HP: 20/28 MP: 3/5
   636 | D:2      | Reached skill level 6 in Earth Magic
   690 | D:2      | Reached XP level 4. HP: 24/36 MP: 0/6
   830 | D:2      | Learned a level 3 spell: Stone Arrow
   984 | D:3      | Found a hazy altar of Hepliaklqana.
   984 | D:3      | Found an opulent altar of Gozag.
  1086 | D:3      | Found a stormy altar of Qazlal.
  1264 | D:3      | Reached skill level 2 in Spellcasting
  1269 | D:3      | Reached skill level 7 in Earth Magic
  1364 | D:4      | Noticed a black bear
  1409 | D:4      | Found a basalt altar of Yredelemnul.
  1412 | D:4      | Found a glowing golden altar of the Shining One.
  1443 | D:4      | Noticed an angel
  1470 | D:5      | Entered Level 5 of the Dungeon
  1478 | D:5      | Reached skill level 1 in Conjurations
  1478 | D:5      | Reached XP level 5. HP: 11/42 MP: 2/8
  1484 | D:5      | Reached skill level 2 in Conjurations
  1532 | D:5      | Reached skill level 8 in Earth Magic
  1532 | D:5      | Reached XP level 6. HP: 8/49 MP: 0/9
  1537 | D:5      | Noticed Dowan
  1540 | D:5      | Gained mutation: You passively map the area around you.
                  | [potion of mutation]
  1540 | D:5      | Gained mutation: Your mind is acute. (Int +2) [potion of
                  | mutation]
  1564 | D:5      | Killed Dowan
  1642 | D:5      | Found a runed translucent door.
  1643 | D:5      | Noticed bmj180's ghost (novice DrCj)
  1729 | D:5      | Found a staircase to the Ecumenical Temple.
  1739 | Temple   | Entered the Ecumenical Temple
  1770 | Temple   | Became a worshipper of Makhleb the Destroyer
  1818 | D:5      | Noticed Duvessa
  1838 | D:5      | Noticed a two-headed ogre
  1846 | D:5      | Slain by a two-headed ogre

Vanquished Creatures
  A water moccasin zombie (D:5)
  Dowan (D:5)
  2 water moccasin skeletons (D:5)
  An orc wizard (D:5)
  5 adders
  2 adder skeletons (D:4)
  2 worms (D:2)
  3 dart slugs
  5 orcs (D:5)
  5 endoplasms
  4 giant cockroaches
  5 goblins
  7 hobgoblins
  4 jackals (D:2)
  2 quokkas
  9 ball pythons
  9 bats
  4 frilled lizards
  6 rats
77 creatures vanquished.

Vanquished Creatures (others)
  A fungus (D:1)
  A plant (D:1)
  2 withered plants (D:5)
4 creatures vanquished.

Grand Total: 81 creatures vanquished

Table legend: (Time is in decaauts)
 A = Elapsed time spent in this place.
 B = Non-inter-level travel time spent in this place.
 C = Inter-level travel time spent in this place.
 D = Time resting spent in this place.
 E = Time spent auto-exploring this place.
 F = Levels seen in this place.
 G = Mean time per level.
                   A        B        C        D        E       F      G
               +--------+--------+--------+--------+--------+-----+--------+
         Total |   1849 |   1764 |     85 |      0 |     28 |   6 |  308.2 |
       Dungeon |   1788 |   1731 |     57 |      0 |     28 |   5 |  357.6 |
        Temple |     61 |     33 |     28 |      0 |      0 |   1 |   61.0 |
               +--------+--------+--------+--------+--------+-----+--------+

Top non-repeatable levels by time:
     D:1: 505 daAuts
     D:3: 486 daAuts
     D:2: 363 daAuts
     D:5: 319 daAuts
     D:4: 113 daAuts
  Temple: 61 daAuts

Table legend:
 A = Non-vault XP
 B = Vault XP
 C = Vault XP percentage of total XP
 D = Non-vault monster count
 E = Vault monster count
 F = Vault count percentage of total count
                 A         B        C        D         E       F
            +---------+---------+-------+---------+---------+-------
      Total |     428 |      96 |  18.3 |      70 |       7 |   9.1
            +---------+---------+-------+---------+---------+-------
        D:1 |      32 |       4 |  11.1 |      19 |       2 |   9.5
        D:2 |      79 |       0 |   0.0 |      24 |       0 |   0.0
        D:3 |      20 |      19 |  48.7 |      11 |       4 |  26.7
        D:4 |      17 |       0 |   0.0 |       6 |       0 |   0.0
        D:5 |     280 |      73 |  20.7 |      10 |       1 |   9.1
            +---------+---------+-------+---------+---------+-------
